Map: Lerilak Crest

Players

lesha

  • Race: Terran Terran
  • League: Silver

Desølate - Winner!

  • Race: Protoss Protoss
  • League: Bronze

VOD

Have the link to the VOD?

Description

Time

  • Played on: Jan. 1, 2016, 4:26 a.m.
  • Length: 6:18
Show
View Real Time Build Order
Export as new Build Order

lesha Terran 

Build Orders: Reaper Expand 

Get SALT Encoding   

  12  0:01  SCV  
  13  0:13  SCV  
  14  0:17  Supply Depot  
  14  0:25  SCV  
  15  0:39  SCV  
  15  0:40  Barracks  
  16  0:46  Refinery  
  16  0:51  SCV  
  17  1:04  SCV  
  18  1:19  SCV  
  19  1:30  Reaper  
  19  1:32  Orbital Command  
  20  1:52  Command Center  
  20  2:00  SCV  
  21  2:05  Barracks Reactor  
  21  2:12  SCV  
  21  2:15  Supply Depot  
  22  2:42  SCV  
  23  2:51  Barracks  
  23  2:52  Barracks  
  23  2:53  Barracks  
  23  2:54  SCV  
  24  2:59  Marine x2  
  24  3:00  Factory  
  26  3:06  SCV  
  26  3:07  Bunker  
  26  3:11  Orbital Command  
  27  3:18  Refinery  
  27  3:21  SCV  
  28  3:46  SCV x2  
  30  3:57  Barracks Reactor x2  
  30  3:58  SCV x2, Barracks Tech Lab  
  32  4:06  Starport  
  32  4:08  Factory Reactor  
  32  4:11  Marine x2  
  32  4:16  SCV  
  32  4:17  SCV  
  36  4:20  Marauder  
  38  4:27  Refinery  
  38  4:29  SCV x2  
  38  4:30  Refinery  
  40  4:35  Marine x5  
  40  4:36  Marine  
  46  4:47  Engineering Bay  
  46  4:49  Engineering Bay  
  46  4:53  Supply Depot  
  46  4:57  Supply Depot  
  46  5:03  SCV x2, Marine x5  
  53  5:15  SCV x2  
  54  5:43  Marauder  
  54  5:44  Marine  
  54  5:45  Marine x4  
  54  5:46  Marine  
  54  5:47  Medivac x2  
  66  5:50  Factory Tech Lab  
  66  5:55  Barracks  
Show
View Real Time Build Order
Export as new Build Order

Desølate Protoss - Winner!

Build Orders:  

Get SALT Encoding   

  12  0:01  Probe (Chrono Boost)  
  13  0:11  Probe (Chrono Boost)  
  14  0:19  Pylon  
  14  0:24  Probe (Chrono Boost)  
  15  0:32  Assimilator  
  15  0:44  Gateway  
  15  0:48  Probe (Chrono Boost)  
  16  0:58  Probe (Chrono Boost)  
  17  1:11  Probe (Chrono Boost)  
  18  1:22  Gateway  
  18  1:29  Probe (Chrono Boost)  
  19  1:34  Cybernetics Core  
  19  1:38  Pylon  
  19  1:52  Probe (Chrono Boost)  
  20  1:59  Pylon  
  20  2:03  Zealot  
  22  2:11  Gateway  
  22  2:16  Warp Gate (Chrono Boost)  
  22  2:19  Probe  
  22  2:22  Stalker  
  24  2:43  Mothership Core  
  26  2:53  Twilight Council  
  26  3:09  Nexus  
  26  3:19  Stalker  
  30  3:20  Adept  
  30  3:26  Zealot  
  32  3:32  Assimilator  
  33  4:09  Probe  
  32  4:21  Probe  
  33  4:31  Probe, Gateway  
  33  4:33  Probe  
  33  4:34  Gateway  
  33  4:37  Pylon  
  33  4:38  Adept x2  
  37  4:40  Sentry  
  37  4:41  Probe  
  42  4:50  Probe  
  43  4:58  Probe  
  44  5:02  Probe  
  45  5:08  Probe  
  45  5:10  Pylon  
  45  5:11  Assimilator  
  46  5:16  Forge  
  46  5:34  Adept  
  46  5:35  Adept x3  
  54  5:36  Adept  
Tags
 
Add a new tag
Caveats
  • Supply blocks, unpowered buildings, or Contaminate may cause inaccurate times.
  • Supply counts are checked every 10 seconds.